 Dungeon Crawl Stone Soup version 0.29-a0-330-g52719c12eb (webtiles) character file.

Game seed: 12005930902992266265

16867 rageheart7 the Fighter (level 12, -3/96 HPs)
             Began as a Djinni Abyssal Knight on Apr 11, 2022.
             Was a High Priest of Lugonu.
             Killed from afar by a bog body (46 damage)
             ... with a bolt of cold
             ... on level 2 of the Lair of Beasts on Apr 13, 2022.
             The game lasted 00:29:48 (15729 turns).

rageheart7 the Fighter (Djinni Abyssal Knight)     Turns: 15729, Time: 00:29:49

Health: -3/96      AC: 13    Str: 17 (18) XL:     12   Next: 75%
Gold:   805        EV: 14    Int: 17 (18) God:    Lugonu [*****.] SH:  5 Dex: 13

rFire   + + .      SeeInvis .   m - +5 quarterstaff (chaos)
rCold   x . .      Faith    .   (shield currently unavailable)
rNeg    . . .      Spirit   .   l - +2 robe {Will+}
rPois   ∞          Reflect  +   c - +0 helmet
rElec   .          Harm     .   r - +0 cloak
rCorr   .          Rampage  .   o - +2 pair of gloves
Will    ++...                   (boots unavailable)
Stlth   +.........              h - amulet of reflection
HPRegen 0.26/turn               g - +6 ring of strength
MPRegen 0.00/turn               i - +4 ring of protection

@: flying, hasted, very quick
A: sickness immunity, fire resistance 2, cold vulnerability 1, float, innate
caster, HP casting, extra vitality 1, deterioration 1, noise suppression
a: Renounce Religion, Depart the Abyss, Bend Space, Banish, Corrupt, Enter the
Abyss


You were on level 2 of the Lair of Beasts.
You worshipped Lugonu.
Lugonu was extremely pleased with you.
You visited 2 branches of the dungeon, and saw 13 of its levels.
You visited the Abyss 1 time.
You also visited: Sewer.

You collected 805 gold pieces.

Inventory:

Hand Weapons
 m - a +5 quarterstaff of chaos (weapon)
Missiles
 b - a throwing net
Armour
 c - a +0 helmet (worn)
 l - a +2 robe of willpower (worn)
 o - a +2 pair of gloves (worn)
 r - a +0 cloak (worn)
 H - a +2 robe of cold resistance
Jewellery
 g - a +6 ring of strength (left hand)
 h - an amulet of reflection (around neck)
 i - a +4 ring of protection (right hand)
 p - a ring of willpower
 z - a +4 ring of slaying
Wands
 q - a wand of digging (8)
 A - a wand of acid (4)
 F - a wand of polymorph (5)
 G - a wand of charming (4)
Scrolls
 a - 7 scrolls of teleportation
 d - 3 scrolls of blinking
 k - 4 scrolls of magic mapping
 w - 2 scrolls of fear
 x - 3 scrolls of fog
 y - 2 scrolls of enchant armour
 B - a scroll of brand weapon
 I - a scroll of identify
Potions
 e - 2 potions of might
 f - 6 potions of curing
 j - a potion of ambrosia
 s - 4 potions of attraction
 t - 3 potions of haste
 u - a potion of cancellation
 v - 2 potions of invisibility
 C - a potion of heal wounds
 E - 4 potions of brilliance
Miscellaneous
 D - a phantom mirror


   Skills:
 - Level 12.5 Fighting
 - Level 3.4 Long Blades
 + Level 9.0 Staves
 - Level 2.4 Armour
 + Level 6.9 Dodging
 + Level 7.7 Spellcasting
 - Level 2.9 Invocations


You had 13 spell levels left.
You knew the following spells:

 Your Spells              Type           Power      Damage    Failure   Level
a - Sandblast             Erth           64%        2d14      1%          1
b - Poisonous Vapours     Pois/Air       64%        N/A       1%          2
c - Summon Guardian Gole  Hex/Summ       32%        N/A       1%          3
d - Mephitic Cloud        Conj/Pois/Air  32%        N/A       1%          3
e - Flame Wave            Conj/Fire      32%        2d8       4%          4
Your spell library was empty.

Dungeon Overview and Level Annotations

Branches:
Dungeon (11/15)            Temple (0/1) D:4            Lair (2/6) D:10
  Sewer (visited)
  Swamp: Lair:2-4    Shoals: Lair:2-4     Snake: Lair:2-4    Spider: Lair:2-4
    Orc: D:9-12

Altars:
Gozag
Makhleb

Annotations:
D:5 2 transporters, donath's ghost, novice NaWr
D:11 Amaemon


Innate Abilities, Weirdness & Mutations

You are immune to sickness and miasma.
You are immune to poison.
Your flesh is very heat resistant. (rF++)
You are vulnerable to cold. (rC-)
You float through the air rather than walking.
You learn spells naturally, not from books.
Your magical power is your life essence.
You have superior vitality. (+4 MHP)
Your body sometimes deteriorates upon taking damage.
You passively dampen the noise of your surroundings.


Message History

The bog body resists with some effort.
Aiming: Mindburst
Press: ? - help, Shift-Dir - straight line, f/p - bog body
Aim: a bog body (moderately damaged, chance to affect: 47%)
The bog body's mind is blasted!
A bog body comes into view.
Aiming: Mindburst
Press: ? - help, Shift-Dir - straight line, f/p - bog body
Aim: a bog body (severely damaged, chance to affect: 47%)
The bog body resists with some effort.
The bog body points at you and mumbles some strange words.
The bolt of cold hits you!
You feel a terrible chill!
Aiming: Mindburst
Press: ? - help, Shift-Dir - straight line, f/p - bog body
Aim: a bog body (severely damaged, chance to affect: 47%)
The bog body resists with some effort.
The now-empty wand crumbles to dust.
You don't have any such object.
Evoke which item? (* to show all) (? for menu, Esc to quit)
That's the wrong kind of item! (Use * to select it.) Evoke which item? (* to show all) (? for menu, Esc to quit)
Okay, then.
Space bends around you!
You blink.
You barely miss the bog body.
The bog body is severely damaged.
The bog body touches you but does no damage.
You hit the bog body.
The bog body is severely damaged.
You barely miss the bog body.
The bog body is severely damaged.
The bog body touches you. The bog body freezes you!!!
You feel a terrible chill!
You barely miss the bog body.
The bog body is severely damaged.
The bog body touches you but does no damage.
The bog body completely misses you.
You feel yourself speed up.
The bog body touches you but does no damage. x2
The bog body casts a spell at you. The bolt of cold hits you!!!
You feel a terrible chill!
You die...

#............
..
##...........
..
#............
..
#............
..
##..##.P.#.#..
.#
#..##...####..
##.#.........
#P.##.....#
#.@.......##..
#...#........≈
#...........≈♣
#....#...##.♣§
##n###..###.≈
#.n........§
##...P..###.
######.# ##


You could see 2 bog bodies.

Vanquished Creatures
  2 hydras
  A centaur warrior (D:9)
  2 two-headed ogres
  Erica (Lair:2)
  Pikel (D:8)
  An elephant (D:10)
  A black mamba (Lair:2)
  A cane toad (Lair:2)
  An unseen horror (D:10)
  4 komodo dragons
  A troll (D:9)
  5 blink frogs (Lair:2)
  A blink frog (shapeshifter) (D:10)
  4 dream sheep (Lair:2)
  Sigmund (D:3)
  Eustachio (D:6)
  4 wyverns
  4 basilisks
  11 yaks
  A steam dragon (D:7)
  Menkaure (D:5)
  9 water moccasins
  2 orc warriors (D:7)
  An ice beast (D:7)
  2 black bears
  2 ogres (D:5)
  3 centaurs
  A phantom (D:5)
  7 bullfrogs
  3 kobold brigands
  4 necrophages
  A scorpion (D:5)
  19 wights
  6 killer bees (D:8)
  4 howler monkeys
  A gnoll shaman (D:8)
  2 hounds
  5 jellies
  Crazy Yiuf (D:4)
  7 orc priests
  2 iguanas (D:6)
  9 orc wizards
  The ghost of rabbitsville the Conjurer, a weakling DECj (D:3)
  A hound skeleton (D:7)
  Robin (D:4)
  6 gnolls
  2 river rats (Sewer)
  4 adders
  2 shadow imps (D:6)
  An ufetubus (D:6)
  2 worms
  29 orcs
  11 ball pythons
  3 endoplasms
  5 giant cockroaches
  5 hobgoblins
  6 jackals
  13 kobolds
  A quokka (D:2)
  3 bats (D:2)
  7 frilled lizards
  11 goblins
  10 rats
264 creatures vanquished.

Vanquished Creatures (others)
  7 fungi
  26 plants
33 creatures vanquished.

Grand Total: 297 creatures vanquished

Notes
Turn   | Place    | Note
-------+----------+-------------------------------------------
     0 | Abyss:1  | rageheart7 the Djinni Abyssal Knight began the quest for
                  | the Orb.
     0 | Abyss:1  | Reached XP level 1. HP: 20/20 MP: 0/0
    27 | Abyss:1  | Found a corrupted altar of Lugonu.
    29 | D:1      | Escaped the Abyss
   461 | D:1      | You are sucked into a shaft and drop 1 floor!
   926 | D:1      | Reached XP level 2. HP: 19/25 MP: 0/0
  1092 | D:2      | Found a faded altar of an unknown god.
  1576 | D:2      | Reached XP level 3. HP: 10/30 MP: 0/0
  1576 | D:2      | Learned a level 1 spell: Sandblast
  2169 | D:3      | Noticed Sigmund
  2170 | D:3      | Gained mutation: A frigid envelope surrounds you and
                  | freezes all who hurt you. [potion of mutation]
  2182 | D:3      | Killed Sigmund
  2183 | D:3      | Reached XP level 4. HP: 37/37 MP: 0/0
  2183 | D:3      | Reached XP level 5. HP: 41/41 MP: 0/0
  2183 | D:3      | Learned a level 2 spell: Poisonous Vapours
  2221 | D:3      | Found a runed translucent gate.
  2222 | D:3      | Found a runed translucent gate.
  2222 | D:3      | Found an opulent altar of Gozag.
  2223 | D:3      | Found a runed translucent gate.
  2225 | D:3      | Noticed rabbitsville's ghost (weakling DECj)
  2329 | D:3      | Reached XP level 6. HP: 47/47 MP: 0/0
  2416 | D:3      | Reached *** piety under Lugonu
  3053 | D:3      | Reached skill level 4 in Fighting
  3055 | D:3      | Killed rabbitsville's ghost
  3388 | D:4      | Noticed a black bear
  3390 | D:4      | Upgraded the game from 0.29-a0-323-g050149af67 to
                  | 0.29-a0-330-g52719c12eb
  3391 | D:4      | Killed a black bear
  3392 | D:4      | Reached skill level 1 in Spellcasting
  3424 | D:4      | Noticed Robin
  3428 | D:4      | Killed Robin
  3429 | D:4      | Reached XP level 7. HP: 50/53 MP: 0/0
  3429 | D:4      | Learned a level 3 spell: Summon Guardian Golem
  3594 | D:4      | Found a runed translucent door.
  3595 | D:4      | Noticed Crazy Yiuf
  3895 | D:4      | Found a staircase to the Ecumenical Temple.
  4234 | D:4      | Killed Crazy Yiuf
  4235 | D:4      | Reached skill level 5 in Fighting
  4278 | D:5      | Entered Level 5 of the Dungeon
  4325 | D:5      | Noticed Menkaure
  4329 | D:5      | Killed Menkaure
  4330 | D:5      | Reached skill level 1 in Staves
  4522 | D:5      | Reached XP level 8. HP: 47/61 MP: 0/0
  4532 | D:5      | Found a glowing drain.
  4552 | Sewer    | Entered a sewer
  4693 | Sewer    | Reached **** piety under Lugonu
  4694 | Sewer    | Reached skill level 6 in Fighting
  5329 | D:5      | Reached skill level 7 in Fighting
  5741 | D:5      | Found a transporter.
  5747 | D:5      | Noticed donath's ghost (novice NaWr)
  5785 | D:5      | Found a transporter.
  5971 | D:6      | Reached XP level 9. HP: 49/68 MP: 0/0
  5971 | D:6      | Learned a level 3 spell: Mephitic Cloud
  6248 | D:6      | HP: 1/69 [orc priest/nerve-wracking pain (13)]
  6876 | D:6      | Reached skill level 8 in Fighting
  6955 | D:6      | Noticed Eustachio
  6962 | D:6      | Killed Eustachio
  7600 | D:7      | Found a burning altar of Makhleb.
  7676 | D:7      | Lost mutation: A frigid envelope surrounds you and freezes
                  | all who hurt you. [potion of mutation]
  7676 | D:7      | Gained mutation: Your body sometimes deteriorates upon
                  | taking damage. [potion of mutation]
  7676 | D:7      | Gained mutation: You passively dampen the noise of your
                  | surroundings. [potion of mutation]
  7702 | D:7      | Reached skill level 9 in Fighting
  7779 | D:7      | Reached XP level 10. HP: 73/78 MP: 0/0
  7930 | D:8      | Reached ***** piety under Lugonu
  7931 | D:8      | Reached skill level 5 in Staves
  8074 | D:8      | Noticed Pikel
  8083 | D:8      | Killed Pikel
  8084 | D:8      | Reached skill level 10 in Fighting
  8808 | D:8      | Reached skill level 5 in Spellcasting
  9712 | D:9      | Reached skill level 11 in Fighting
  9768 | D:9      | Reached XP level 11. HP: 80/87 MP: 0/0
  9768 | D:9      | Learned a level 4 spell: Flame Wave
  9936 | D:9      | Noticed a centaur warrior
  9948 | D:9      | Killed a centaur warrior
 10147 | D:9      | Noticed a two-headed ogre
 10157 | D:9      | Killed a two-headed ogre
 10521 | D:10     | Entered Level 10 of the Dungeon
 10554 | D:10     | Noticed an elephant
 10918 | D:10     | Found a staircase to the Lair.
 10947 | D:10     | Reached skill level 12 in Fighting
 11532 | D:10     | Noticed a two-headed ogre
 11542 | D:10     | Killed a two-headed ogre
 11779 | D:10     | Killed an elephant
 12391 | D:11     | Noticed Amaemon
 12466 | Lair:1   | Entered Level 1 of the Lair of Beasts
 13210 | Lair:1   | Noticed a six-headed hydra
 13232 | Lair:1   | Killed a six-headed hydra
 13233 | Lair:1   | Reached XP level 12. HP: 58/96 MP: 0/0
 13692 | Lair:1   | Reached skill level 5 in Dodging
 14375 | Lair:2   | Identified the +4 falchion of the Tent {vorpal, Fly rElec
                  | Int+6 Dex+2}
 15322 | Lair:2   | Noticed Erica
 15335 | Lair:2   | Killed Erica
 15342 | Lair:2   | Noticed a four-headed hydra
 15354 | Lair:2   | Killed a four-headed hydra
 15729 | Lair:2   | Killed from afar by a bog body

Illustrated notes

Levels and vault maps discovered:
D:1:      heliophobic_arrival_battle_scene, layout_loops_corners
D:2:      layout_loops_ring, ebering_ecumenical_altar_sacrificial,
          kennysheep_generic_room_5
D:3:      layout_loops_corners, ebering_ghost_gozag, uniq_sigmund
D:4:      layout_cave_pods, minmay_temple_entry_proselytizer,
          serial_column_ruins, column_ruins_hut_pillars, column_ruins_grid_1,
          column_ruins_corridor_straight, column_ruins_grid_3,
          column_ruins_open_small, column_ruins_grid_1, column_ruins_grid_1,
          uniq_crazy_yiuf_cottage, uniq_robin
D:5:      layout_layer_cave, gup_sewer_entry_glass, gammafunk_ghost_stat_death,
          uniq_menkaure
D:6:      layout_basic, serial_bayou_pond_c, minmay_misc_feat_four_crosses,
          uniq_eustachio
D:7:      layout_rooms, makhleb_blood_cavern_becter
D:8:      layout_cave_pools, grunt_ministairs_15, uniq_pikel
D:9:      layout_loops_ring
D:10:     layout_cave_pods, david_lair_generic
D:11:     minmay_the_grid_triangle_9x9_rhombus_thin
          [minmay_the_grid_triangle_9x9_longest,
          minmay_the_grid_triangle_9x9_prize_insulated,
          minmay_the_grid_triangle_9x9_from_above,
          minmay_the_grid_triangle_9x9_negative_grid], layout_rooms,
          serial_shops, nicolae_shop_temple_entry_statues_fountains,
          nicolae_ashenzari_panopticon, uniq_urug, uniq_amaemon
Lair:1:   layout_loops_ring
Lair:2:   layout_regular_city, skrybe_swamp_entry_bodies, uniq_erica

Skill      XL: |  1  2  3  4  5  6  7  8  9 10 11 12 |
---------------+-------------------------------------+-----
Invocations    | 2 |  2.9
Long Blades    | 2 3 |  3.4
Armour         | 2 |  2.4
Dodging        | 3 4 6 |  6.9
Fighting       | 4 5 7 9 11 12 | 12.5
Spellcasting   | 1 2 3 4 5 6 7 |  7.7
Staves         | 1 3 4 6 7 9 |  9.0

Action                   |  1- 3 |  4- 6 |  7- 9 | 10-12 || total
-------------------------+-------+-------+-------+-------++-------
Melee: Falchion          |    12 |       |       |       ||    12
       Long sword        |    67 |    37 |    20 |       ||   124
       Quarterstaff      |       |       |   185 |   356 ||   541
 Cast: Poisonous Vapours |       |       |     7 |   109 ||   116
       Mephitic Cloud    |       |       |       |    11 ||    11
       Summon Guardian G |       |       |       |     2 ||     2
       Flame Wave        |       |       |       |     5 ||     5
Invok: Bend Space        |       |       |       |     1 ||     1
Evoke: Wand              |       |     4 |     2 |    19 ||    25
  Use: Potion            |     4 |       |     3 |     2 ||     9
       Scroll            |       |     8 |     5 |    10 ||    23
 Stab: Sleeping          |       |     2 |       |       ||     2
       Confused          |       |       |       |     6 ||     6
       Distracted        |       |       |       |     2 ||     2
       Paralysed         |       |       |       |     1 ||     1
Armor: Leather armour    |    39 |    11 |    70 |       ||   120
       Robe              |       |       |       |   110 ||   110
Dodge: Dodged            |    59 |    31 |   117 |   187 ||   394
Block: Other             |       |       |    26 |    51 ||    77
       Reflection        |       |       |     2 |     1 ||     3

Table legend: (Time is in decaauts)
 A = Elapsed time spent in this place.
 B = Non-inter-level travel time spent in this place.
 C = Inter-level travel time spent in this place.
 D = Time resting spent in this place.
 E = Time spent auto-exploring this place.
 F = Levels seen in this place.
 G = Mean time per level.
                   A        B        C        D        E       F      G
               +--------+--------+--------+--------+--------+-----+--------+
         Total |  15786 |  15224 |    562 |     20 |  13036 |  15 | 1052.4 |
       Dungeon |  11886 |  11355 |    531 |     20 |   9694 |  11 | 1080.5 |
          Lair |   3246 |   3215 |     31 |      0 |   2816 |   2 | 1623.0 |
         Abyss |     29 |     29 |      0 |      0 |     21 |   1 |   29.0 |
         Sewer |    624 |    624 |      0 |      0 |    505 |   1 |  624.0 |
               +--------+--------+--------+--------+--------+-----+--------+

Top non-repeatable levels by time:
  Lair:2: 1630 daAuts
  Lair:1: 1615 daAuts
    D:10: 1545 daAuts
     D:9: 1485 daAuts
     D:8: 1409 daAuts
     D:6: 1389 daAuts
     D:3: 1187 daAuts
     D:4: 1062 daAuts
     D:5: 1061 daAuts
     D:1: 1042 daAuts
     D:2: 1004 daAuts
   Sewer: 624 daAuts
     D:7: 580 daAuts
    D:11: 117 daAuts
 Abyss:1: 29 daAuts
